 Dungeon Crawl Stone Soup version 0.18.1-50-g88ac8fd (webtiles) character file.

39931 mvemjsun the Thaumaturge (level 13, 0/77 HPs)
             Began as a Deep Elf Fire Elementalist on Oct 10, 2016.
             Was a High Priest of Vehumet.
             Slain by a spiny frog (10 damage)
             ... on level 7 of the Lair of Beasts.
             The game lasted 01:56:28 (20881 turns).

mvemjsun the Thaumaturge (DEFE)                    Turns: 20881, Time: 01:56:28

Health: 0/77       AC:  9    Str: 11    XL:     13   Next: 71%
Magic:  27/32      EV: 18    Int: 26    God:    Vehumet [*****.]
Gold:   1232       SH:  0    Dex: 15    Spells: 7 memorised, 17 levels left

rFire  + . .     SeeInvis .     w - staff of fire
rCold  + . .     Gourm    .     G - +2 robe {Archmagi}
rNeg   . . .     Faith    .     H - +0 buckler
rPois  .         Spirit   .     s - +2 helmet
rElec  .         Dismiss  .     e - +0 cloak
rCorr  .         Reflect  .     (no gloves)
SustAt .         Harm     .     (no boots)
MR     +....                    q - amulet of regeneration
Stlth  +.........               h - +6 ring of strength
                                E - ring of protection from cold

@: confused, somewhat resistant to hostile enchantments, very unstealthy
A: no striking features
a: Renounce Religion


You were on level 7 of the Lair of Beasts.
You worshipped Vehumet.
Vehumet was extremely pleased with you.
You were not hungry.

You visited 3 branches of the dungeon, and saw 20 of its levels.

You collected 1232 gold pieces.

Inventory:

Armour
 e - a +0 cloak (worn)
 s - a +2 helmet (worn)
 G - a +2 robe of the Archmagi (worn)
 H - a +0 buckler (worn)
Magical Staves
 w - an uncursed staff of fire (weapon)
Jewellery
 h - a +6 ring of strength (right hand)
 l - an uncursed ring of sustain attributes
 q - an amulet of regeneration (around neck)
 B - an uncursed ring of positive energy
 E - a ring of protection from cold (left hand)
Wands
 t - a wand of slowing (41/48)
 x - a wand of confusion (22/48)
 y - a wand of teleportation (1/9)
 I - a wand of polymorph (16/24)
 K - a wand of iceblast (7/15)
 L - a wand of lightning (8/15)
 M - a wand of teleportation (5/9)
Scrolls
 a - a scroll of enchant armour
 b - 2 scrolls of identify
 d - 8 scrolls of remove curse
 i - 8 scrolls of teleportation
 r - a scroll of fear
 z - a scroll of enchant weapon
 D - 3 scrolls of amnesia
Potions
 f - a potion of might
 j - 3 potions of brilliance
 k - 2 potions of ambrosia
 m - 2 potions of agility
 n - 2 potions of lignification
 p - 2 potions of heal wounds
 v - a potion of haste
 C - a potion of flight
 O - a potion of curing
Miscellaneous
 A - a phantom mirror
Comestibles
 c - 5 bread rations
 g - 3 beef jerkies
 o - 6 meat rations
 u - 16 royal jellies
 Q - 30 fruits


   Skills:
 + Level 7.6 Fighting
   Level 1.5 Short Blades
 - Level 6.0 Armour
 - Level 10.0 Dodging
 - Level 2.4 Stealth
 - Level 1.0 Shields
 + Level 13.7 Spellcasting
 + Level 11.6 Conjurations
 + Level 11.4 Fire Magic
 + Level 7.3 Air Magic
 + Level 5.5 Evocations


You had 17 spell levels left.
You knew the following spells:

 Your Spells              Type           Power        Failure   Level  Hunger
a - Flame Tongue          Conj/Fire      #####        1%          1    None
b - Conjure Flame         Conj/Fire      ########     1%          3    None
c - Sticky Flame          Conj/Fire      ########     1%          4    None
d - Fireball              Conj/Fire      ########..   1%          5    ##.....
e - Mephitic Cloud        Conj/Pois/Air  ######..     1%          3    None
f - Bolt of Magma         Conj/Fire/Erth #######...   1%          5    ##.....
g - Apportation           Tloc           ####......   6%          1    None


Dungeon Overview and Level Annotations

Branches:
Dungeon (12/15)            Temple (1/1) D:6            Lair (7/8) D:11
 Shoals (0/4) Lair:5        Snake (0/4) Lair:3
  Slime: Lair:6-8       Orc: D:9-12

Altars:
Ashenzari
Cheibriados
Dithmenos
Elyvilon
Fedhas
Gozag
Kikubaaqudgha
Makhleb
Nemelex Xobeh
Okawaru
Pakellas
Qazlal
Ru
Sif Muna
Trog
Vehumet
Xom
Yredelemnul
Zin
The Shining One

Shops:
D:4 }   D:10 (

Annotations:
D:8 HopefulHyena's ghost, novice MiBe


Message History

Okay, then.
You feel sick.
You feel sick.
You feel sick.
You feel sick. The spiny frog closely misses you.
You feel sick.
You feel sick.
There is a stone staircase leading up here.
Drink which item? (? for menu, Esc to quit)
You feel better. The spiny frog stings you!
* * * LOW HITPOINT WARNING * * *
You block the spiny frog's attack.
Drink which item? (? for menu, Esc to quit)
You can't drink that!
Drink which item? (? for menu, Esc to quit)
You are confused.
You feel invigorated. The spiny frog stings you!
* * * LOW HITPOINT WARNING * * *
The spiny frog stings you!
You die...

## ### ≈♣ ♣#. #.####
≈≈♣♣..#### ##..P#
≈.P......######.PP# ##
............PPP..## #.
........@÷......## ##
........FF.......# ##
.#......r...P#..########.
#...........###.###.#.#..
.........t.#.#..P###.....
.........#.##...##.......
.........r.#.....÷÷......
.......=.....r...÷.......
.............#...........


You could see a fire crab, 2 spiny frogs and 2 river rats.

Vanquished Creatures
  Snorg (Lair:5)
  Josephine (D:12)
  An ice dragon (Lair:5)
  5 hydras
  Pikel (D:8)
  A hill giant (D:10)
  2 griffons
  An ugly thing (D:12)
  A cyclops (D:11)
  A manticore (D:12)
  2 black mambas
  3 elephants (Lair:5)
  A centaur zombie (D:12)
  Psyche (D:8)
  2 torpor snails
  A gargoyle (D:11)
  5 spiny frogs
  3 rime drakes (Lair:4)
  8 komodo dragons
  A queen bee (Lair:2)
  A two-headed ogre (D:10)
  12 blink frogs
  A spriggan (Lair:2)
  5 wraiths
  A shadow (D:12)
  3 wyverns
  30 yaks
  6 hippogriffs
  4 nagas (Lair:3)
  A steam dragon (Lair:4)
  2 wargs
  10 water moccasins
  10 porcupines
  2 black bears
  4 orc warriors
  5 ice beasts
  2 sky beasts
  3 wasps
  4 ogres
  6 wolves (Lair:4)
  8 centaurs
  2 phantoms
  10 crocodiles
  2 big kobolds
  23 giant frogs
  A gnoll sergeant (D:7)
  3 scorpions
  46 killer bees
  6 wights
  6 howler monkeys
  A crimson imp (D:6)
  7 hounds
  3 jellies
  7 orc priests
  3 giant frog zombies
  8 orc wizards
  2 centaur skeletons
  2 giant frog skeletons
  Crazy Yiuf (D:7)
  Jessica (D:3)
  15 iguanas
  Natasha (thrice) (D:3)
  2 hell rats (Lair:7)
  3 worker ants
  A killer bee zombie (D:7)
  A hound zombie (D:11)
  2 hound skeletons
  Robin (D:2)
  3 worker ant zombies
  10 gnolls
  15 adders
  77 river rats
  3 shadow imps
  2 adder skeletons (D:6)
  6 worms
  4 dart slugs
  6 giant geckos
  33 orcs
  6 giant cockroaches
  14 goblins
  8 hobgoblins
  7 jackals
  8 quokkas
  6 bats
  A giant gecko skeleton (D:4)
  A giant gecko zombie (D:6)
  A giant newt (D:2)
  17 kobolds
  9 rats
561 creatures vanquished.

Vanquished Creatures (others)
  2 slaves (D:8)
  A crimson imp (D:8)
  An orc wizard (D:8)
  An adder (D:8)
  2 orcs (D:8)
  7 fungi
14 creatures vanquished.

Grand Total: 575 creatures vanquished

Notes
Turn   | Place    | Note
--------------------------------------------------------------
     0 | D:1      | mvemjsun the Deep Elf Fire Elementalist began the quest for the Orb.
     0 | D:1      | Reached XP level 1. HP: 10/10 MP: 6/6
   148 | D:1      | Reached XP level 2. HP: 15/15 MP: 0/8
   868 | D:2      | Reached XP level 3. HP: 15/19 MP: 6/10
   923 | D:2      | Learned a level 3 spell: Conjure Flame
  1462 | D:3      | Noticed Robin
  1552 | D:2      | Reached XP level 4. HP: 19/24 MP: 8/11
  1668 | D:2      | Killed Robin
  1668 | D:2      | Reached skill level 4 in Spellcasting
  1719 | D:3      | Noticed Natasha
  1724 | D:3      | Killed Natasha
  1829 | D:3      | Noticed Natasha
  1833 | D:3      | Reached XP level 5. HP: 28/28 MP: 8/13
  1839 | D:3      | Killed Natasha
  1891 | D:3      | Noticed Natasha
  1899 | D:3      | Killed Natasha
  2123 | D:2      | Learned a level 4 spell: Sticky Flame
  2129 | D:2      | Learned a level 5 spell: Fireball
  2386 | D:3      | Noticed Jessica
  2389 | D:3      | Reached skill level 5 in Fire Magic
  2396 | D:3      | Killed Jessica
  2396 | D:3      | Reached skill level 5 in Spellcasting
  2396 | D:3      | Reached XP level 6. HP: 13/32 MP: 7/15
  3055 | D:4      | Gained mutation: Your flesh is cold resistant. [potion of mutation]
  3055 | D:4      | Gained mutation: You have sharp toenails. [potion of mutation]
  3576 | D:4      | Found Tysyrach's Gadget Emporium.
  3885 | D:4      | Gained mutation: You possess an exceptional clarity of mind. [potion of mutation]
  3885 | D:4      | Gained mutation: You are agile. (Dex +2) [potion of mutation]
  3885 | D:4      | Gained mutation: You tend to lose your temper in combat. [potion of mutation]
  3957 | D:5      | Entered Level 5 of the Dungeon
  3963 | D:5      | Lost mutation: You tend to lose your temper in combat. [potion of cure mutation]
  3963 | D:5      | Lost mutation: You possess an exceptional clarity of mind. [potion of cure mutation]
  3963 | D:5      | Lost mutation: You are agile. (Dex +2) [potion of cure mutation]
  3963 | D:5      | Lost mutation: You have sharp toenails. [potion of cure mutation]
  3963 | D:5      | Lost mutation: Your flesh is cold resistant. [potion of cure mutation]
  4011 | D:5      | Reached skill level 8 in Spellcasting
  4011 | D:5      | Reached XP level 7. HP: 42/42 MP: 17/21
  4012 | D:5      | Reached skill level 10 in Spellcasting
  4012 | D:5      | Reached XP level 8. HP: 48/48 MP: 18/24
  4281 | D:5      | Reached XP level 9. HP: 13/52 MP: 15/25
  4699 | D:5      | Found a burning altar of Makhleb.
  4700 | D:5      | Found a glowing golden altar of the Shining One.
  4701 | D:5      | Found a stormy altar of Qazlal.
  4701 | D:5      | Found an iron altar of Okawaru.
  4701 | D:5      | Found a sacrificial altar of Ru.
  4703 | D:5      | Found a bloodstained altar of Trog.
  4704 | D:5      | Found an ancient bone altar of Kikubaaqudgha.
  4725 | D:5      | Reached skill level 10 in Dodging
  5058 | D:6      | Learned a level 3 spell: Mephitic Cloud
  5517 | D:6      | Found a staircase to the Ecumenical Temple.
  5527 | Temple   | Entered the Ecumenical Temple
  5738 | D:6      | Found a radiant altar of Vehumet.
  5750 | D:6      | Became a worshipper of Vehumet
  6374 | D:7      | Reached skill level 1 in Air Magic
  6992 | D:7      | Reached XP level 10. HP: 58/58 MP: 17/26
  7011 | D:7      | Noticed Crazy Yiuf
  7014 | D:7      | Killed Crazy Yiuf
  7095 | D:7      | Reached * piety under Vehumet
  7095 | D:7      | Offered knowledge of Sandblast by Vehumet.
  7704 | D:8      | You fall through a shaft!
  7772 | D:8      | Noticed Psyche
  7780 | D:8      | Killed Psyche
  7914 | D:8      | Noticed Pikel
  7925 | D:8      | Killed Pikel
  8011 | D:8      | Noticed HopefulHyena's ghost (novice MiBe)
  8350 | D:8      | Reached skill level 5 in Fighting
  8903 | D:9      | Reached skill level 1 in Short Blades
  9232 | D:9      | Offered knowledge of Freeze by Vehumet.
  9236 | D:9      | Reached ** piety under Vehumet
  9820 | D:9      | Reached skill level 5 in Armour
 10130 | D:10     | Entered Level 10 of the Dungeon
 10147 | D:10     | Reached XP level 11. HP: 64/64 MP: 19/27
 10180 | D:10     | Noticed a hill giant
 10208 | D:10     | Killed a hill giant
 10292 | D:10     | Reached skill level 11 in Spellcasting
 10371 | D:10     | Found Emuts's Weapon Boutique.
 10674 | D:10     | Offered knowledge of Searing Ray by Vehumet.
 11003 | D:11     | Reached skill level 1 in Shields
 11104 | D:11     | Noticed a griffon
 11116 | D:11     | Killed a griffon
 11343 | D:11     | Noticed a centaur warrior
 11520 | D:12     | Reached *** piety under Vehumet
 11734 | D:12     | Noticed a white ugly thing
 11749 | D:12     | Killed a white ugly thing
 11749 | D:12     | Reached skill level 10 in Fire Magic
 11874 | D:12     | Noticed Josephine
 11894 | D:12     | Killed Josephine
 11953 | D:12     | Reached skill level 10 in Conjurations
 12200 | D:11     | Offered knowledge of Static Discharge by Vehumet.
 12558 | D:11     | Found a staircase to the Lair.
 12818 | Lair:1   | Entered Level 1 of the Lair of Beasts
 12892 | Lair:1   | Reached XP level 12. HP: 52/70 MP: 14/29
 12928 | Lair:1   | Reached **** piety under Vehumet
 13136 | Lair:1   | Reached skill level 12 in Spellcasting
 13136 | Lair:1   | Reached skill level 5 in Air Magic
 13194 | Lair:1   | Offered knowledge of Venom Bolt by Vehumet.
 13868 | Lair:2   | Reached skill level 1 in Evocations
 14452 | Lair:2   | Noticed an eight-headed hydra
 14900 | Lair:2   | Killed an eight-headed hydra
 14968 | Lair:2   | Reached ***** piety under Vehumet
 14968 | Lair:2   | Offered knowledge of Iskenderun's Battlesphere by Vehumet.
 15464 | Lair:2   | Noticed a six-headed hydra
 15467 | Lair:2   | Killed a six-headed hydra
 16725 | Lair:3   | Found a staircase to the Snake Pit.
 17026 | Lair:3   | Offered knowledge of Bolt of Magma by Vehumet.
 17036 | Lair:3   | Learned a level 5 spell: Bolt of Magma
 17226 | Lair:3   | Reached XP level 13. HP: 76/76 MP: 23/31
 17243 | Lair:3   | Reached skill level 13 in Spellcasting
 17936 | Lair:4   | Learned a level 1 spell: Apportation
 19229 | Lair:5   | Found a staircase to the Shoals.
 19388 | Lair:5   | Found a sacrificial altar of Ru.
 19532 | Lair:5   | Noticed Snorg
 19543 | Lair:5   | Killed Snorg
 19582 | Lair:5   | Reached skill level 5 in Evocations
 20133 | Lair:6   | Offered knowledge of Poison Arrow by Vehumet.
 20881 | Lair:7   | Slain by a spiny frog

Skill      XL: |  1  2  3  4  5  6  7  8  9 10 11 12 13 |
---------------+----------------------------------------+-----
Conjurations   | 2 3 4 7 8 9 10 11 | 11.6
Fire Magic     | 4 5 7 8 9 10 11 | 11.4
Spellcasting   | 4 5 8 10 11 12 13 | 13.7
Fighting       | 3 4 5 6 7 |  7.6
Dodging        | 8 9 10 | 10.0
Armour         | 4 5 6 |  6.0
Air Magic      | 1 2 4 6 7 |  7.3
Short Blades   | 1 |  1.5
Shields        | 1 |  1.0
Evocations     | 4 5 |  5.5
Stealth        | |  2.4

Action                   |  1- 3 |  4- 6 |  7- 9 | 10-12 | 13-15 || total
-------------------------+-------+-------+-------+-------+-------++-------
Melee: Dagger            |     4 |     5 |    48 |    25 |       ||    82
       Staff             |       |       |       |    21 |    20 ||    41
 Cast: Flame Tongue      |    88 |   143 |   180 |   659 |   121 ||  1191
       Sticky Flame      |       |     1 |    19 |   135 |    56 ||   211
       Conjure Flame     |       |       |     7 |    20 |     5 ||    32
       Mephitic Cloud    |       |       |     5 |    34 |     2 ||    41
       Fireball          |       |       |       |    30 |    17 ||    47
       Bolt of Magma     |       |       |       |     1 |    22 ||    23
Evoke: Wand              |       |       |       |     1 |     1 ||     2
  Use: Potion            |       |     8 |     7 |     4 |     5 ||    24
       Scroll            |       |     6 |     3 |    24 |     2 ||    35
 Stab: Sleeping          |     1 |       |       |       |       ||     1
  Eat: Chunk             |     1 |     8 |     6 |    20 |     2 ||    37
       Fruit             |       |       |     3 |    12 |    13 ||    28
       Beef jerky        |       |       |     1 |       |       ||     1
       Royal jelly       |       |       |       |     1 |       ||     1
       Pizza             |       |       |       |     1 |       ||     1
Armor: Robe              |    13 |    27 |    43 |    61 |    21 ||   165
Dodge: Dodged            |    26 |    54 |    84 |   332 |    92 ||   588
Block: Buckler           |       |       |       |    52 |    27 ||    79
